 Dungeon Crawl Stone Soup version 0.20.1-1-g8b1a95d (console) character file.

13395 hilaritas the Basher (level 11, -14/95 HPs)
             Began as a Demigod Gladiator on Sept 27, 2017.
             Demolished by a white ugly thing (22 damage)
             ... on level 12 of the Dungeon.
             The game lasted 00:34:00 (10521 turns).

hilaritas the Basher (Demigod Gladiator)           Turns: 10521, Time: 00:34:01

Health: -14/95     AC: 16    Str: 23    XL:     11   Next: 47%
Magic:  0/14       EV:  9    Int: 12    God:
Gold:   627        SH:  7    Dex: 17    Spells: 10/10 levels left

rFire    . . .     SeeInvis .   b - +0 morningstar
rCold    . . .     Gourm    .   G - +0 buckler {rPois}
rNeg     + . .     Faith    .   w - +1 chain mail {rN+}
rPois    +         Spirit   +   c - +0 helmet
rElec    .         Reflect  .   C - scarf {Spirit}
rCorr    .         Harm     .   (no gloves)
MR       ++...                  (no boots)
Stlth    ..........             s - amulet of regeneration
Regen    0.7/turn               D - +4 ring of protection
MPRegen  0.2/turn               J - ring of protection from magic

@: drained
A: high mp 1
a: no special abilities


You were on level 12 of the Dungeon.
You were not hungry.

You visited 1 branch of the dungeon, and saw 12 of its levels.

You collected 871 gold pieces.
You spent 244 gold pieces at shops.

Inventory:

Hand Weapons
 b - a +0 morningstar (weapon)
Missiles
 d - 7 throwing nets (quivered)
Armour
 c - a +0 helmet (worn)
 w - a +1 chain mail of positive energy (worn)
 C - a scarf of spirit shield (worn)
 G - a +0 buckler of poison resistance (worn)
Jewellery
 s - an amulet of regeneration (around neck)
 D - a +4 ring of protection (left hand)
 J - a ring of protection from magic (right hand)
Wands
 g - a wand of iceblast (3/15)
 l - a wand of digging (8/24)
 q - a wand of lightning (4/15)
 E - a wand of digging (12/24)
 L - a wand of lightning (8/15)
 N - a wand of digging (6/24)
 O - a wand of acid (5/15)
Scrolls
 e - 2 scrolls of enchant armour
 i - 11 scrolls of teleportation
 m - 3 scrolls of remove curse
 t - 5 scrolls of identify
 u - a scroll of recharging
 v - 4 scrolls of blinking
 y - 2 scrolls of amnesia
 F - a scroll of magic mapping
 H - a scroll of enchant weapon
Potions
 h - 2 potions of flight
 j - 2 potions of brilliance
 k - 3 potions of haste
 p - 2 potions of agility {unknown}
 x - a potion of heal wounds
 A - a potion of mutation {unknown}
 B - 3 potions of curing
 I - a potion of berserk rage {unknown}
 K - a potion of magic {unknown}
 M - a potion of invisibility {unknown}
Comestibles
 f - 7 bread rations
 o - 4 royal jellies
 r - 10 meat rations
 z - 10 fruits


   Skills:
 * Level 8.6(7.9) Fighting
 - Level 10.0(9.2) Maces & Flails
 - Level 1.7(1.1) Throwing
 + Level 6.9(6.2) Armour
 - Level 2.6(2.0) Dodging
 * Level 9.8(9.1) Shields


You had 10 spell levels left.
You didn't know any spells.

Dungeon Overview and Level Annotations

Branches:
Dungeon (12/15)            Temple (0/1) D:4            Lair (0/6) D:8
    Orc (0/2) D:12

Shops:
D:8 }   D:9 *


Innate Abilities, Weirdness & Mutations

You have an increased reservoir of magic. (+10% MP)


Message History

The white ugly thing is heavily wounded.
You are no longer corroded.
The hell rat bites you.
* * * LOW HITPOINT WARNING * * *
You block the white ugly thing's attack.
The hell rat bites you!
* * * LOW HITPOINT WARNING * * *
You partially resist.
You feel drained.
* * * LOW HITPOINT WARNING * * *
You feel much better.
You hear the stately ticking of a very distant clock.
The white ugly thing engulfs you. The white ugly thing freezes you!!
* * * LOW HITPOINT WARNING * * *
The hell rat closely misses you.
You thump the white ugly thing!
The white ugly thing is heavily wounded.
The white ugly thing engulfs you.
* * * LOW HITPOINT WARNING * * *
The white ugly thing freezes you!!
You die...

***###.......<.......,,,,,,,,
*,,..............P.♣.,,,,,,,,
*,,...........♣♣.♣♣♣,,**,,**,
*,,..........♣PP.♣,,,*≈*,,,,*
*,,..[........♣..♣,,,**,,,,,,
*,,............♣♣♣,.,,,,*,***
*,,.......(....♣♣♣..*,*,,,,*,
***####........♣..P.*,*,,,,,,
#..........$.♣,,,,,,**,
#......r.♣...♣,,*,,*,,,
#.....@u..♣♣♣.,**,,*,*,
#........P.♣,,,*,*,,,,*
#..........♣,,,**,,,,*,
#.......P♣♣♣,,,****,***
#.......♣♣*,,*,*,,,,*,*
#.....$.♣,,,,****,,,,,,
#........*,,,,****,,,,*
#........,,,,,,,,,,,,,,
#.........,,,,,,*******
*,*****,,,,,,,,,*,,,,,* *,*
*,,,,,,,,,*,,,,,,


You could see a white ugly thing and a hell rat.

Vanquished Creatures
  Harold (D:10)
  A hydra (D:11)
  4 two-headed ogres
  An unseen horror (D:11)
  The ghost of Frank the Slasher, a novice OpFi (D:6)
  A cyclops (D:11)
  A troll (D:11)
  Grinder (D:5)
  2 hippogriffs
  A shadow (D:12)
  A vampire (D:10)
  3 wyverns
  3 wraiths
  5 yaks (D:11)
  2 hungry ghosts
  Edmund (D:5)
  An acid dragon (D:12)
  Duvessa (D:7)
  A hell hound (D:8)
  A water moccasin (D:9)
  2 ice beasts (D:10)
  4 orc warriors
  2 sky beasts
  2 phantoms (D:10)
  A black bear (D:10)
  5 ogres
  2 necrophages
  3 centaurs
  Blork the orc (D:5)
  7 bullfrogs
  A big kobold (D:10)
  Dowan (D:7)
  2 scorpions
  10 killer bees
  A howler monkey (D:5)
  A bullfrog zombie (D:10)
  7 crimson imps
  5 hounds
  8 orc priests
  4 jellies
  5 centaur skeletons
  3 iguanas
  6 orc wizards
  2 worker ants
  A hell rat (D:12)
  A mummy (D:9)
  4 gnolls (D:8)
  12 adders
  A shadow imp (D:11)
  An ooze (D:5)
  3 adder skeletons
  3 worms
  3 dart slugs
  5 leopard geckos
  34 orcs
  4 ball pythons
  8 bats
  5 giant cockroaches
  2 goblins (D:2)
  18 hobgoblins
  10 jackals
  12 kobolds
  3 quokkas
  5 frilled lizards
  3 giant cockroach zombies
  A quokka skeleton (D:4)
  11 rats
268 creatures vanquished.

Vanquished Creatures (others)
  A two-headed ogre (D:9)
  An orc warrior (D:9)
  2 ogres (D:9)
  A centaur (D:9)
  A scorpion (D:9)
  An orc wizard (D:9)
  An iguana (D:9)
  A worker ant (D:9)
  A gnoll (D:9)
  A quokka zombie (D:9)
11 creatures vanquished.

Grand Total: 279 creatures vanquished

Notes
Turn   | Place    | Note
-------+----------+-------------------------------------------
     0 | D:1      | hilaritas the Demigod Gladiator began the quest for the Orb.
     0 | D:1      | Reached XP level 1. HP: 17/17 MP: 3/3
    72 | D:1      | Reached skill level 3 in Maces & Flails
   195 | D:1      | Reached XP level 2. HP: 22/24 MP: 4/4
   983 | D:2      | Reached XP level 3. HP: 28/29 MP: 5/5
  1143 | D:2      | Reached skill level 4 in Maces & Flails
  1266 | D:2      | Found an opulent altar of Gozag.
  1782 | D:3      | Found a faded altar of an unknown god.
  1913 | D:3      | Reached XP level 4. HP: 31/36 MP: 6/6
  2103 | D:3      | Found a blossoming altar of Fedhas.
  2543 | D:3      | Reached skill level 1 in Shields
  2586 | D:3      | Reached skill level 5 in Maces & Flails
  2777 | D:4      | Found a staircase to the Ecumenical Temple.
  2800 | D:4      | Reached XP level 5. HP: 39/41 MP: 3/7
  3033 | D:4      | Found a white marble altar of Elyvilon.
  3033 | D:4      | Found a shadowy altar of Dithmenos.
  3452 | D:4      | Found a glowing golden altar of the Shining One.
  3509 | D:5      | Entered Level 5 of the Dungeon
  3512 | D:5      | Noticed Grinder
  3521 | D:5      | Paralysed by Grinder for 4 turns
  3541 | D:5      | Killed Grinder
  3541 | D:5      | Reached skill level 6 in Maces & Flails
  3541 | D:5      | Reached XP level 6. HP: 21/48 MP: 4/8
  3862 | D:5      | Reached skill level 7 in Maces & Flails
  3940 | D:5      | Reached XP level 7. HP: 52/53 MP: 9/9
  4076 | D:5      | Noticed Edmund
  4139 | D:5      | Killed Edmund
  4139 | D:5      | Reached skill level 8 in Maces & Flails
  4184 | D:5      | Found a glowing silver altar of Zin.
  4184 | D:5      | Noticed an angel
  4197 | D:5      | Noticed Blork the orc
  4213 | D:5      | Killed Blork the orc
  4648 | D:6      | Noticed Frank's ghost (novice OpFi)
  4668 | D:6      | Killed Frank's ghost
  4668 | D:6      | Reached skill level 9 in Maces & Flails
  4668 | D:6      | Reached XP level 8. HP: 12/60 MP: 2/10
  4849 | D:6      | Found a sacrificial altar of Ru.
  5491 | D:7      | Reached skill level 5 in Shields
  5629 | D:7      | Noticed Duvessa
  5630 | D:7      | Noticed Dowan
  5659 | D:7      | Killed Duvessa
  5690 | D:7      | Killed Dowan
  5821 | D:7      | Reached skill level 10 in Maces & Flails
  5901 | D:7      | Reached XP level 9. HP: 67/67 MP: 11/11
  6367 | D:8      | Reached skill level 1 in Armour
  6681 | D:8      | Found a staircase to the Lair.
  6768 | D:8      | Found Ittalicw's Gadget Boutique.
  6949 | D:8      | Found a sparkling altar of Nemelex Xobeh.
  6999 | D:9      | Killed a two-headed ogre
  7075 | D:9      | Found Bualiut's Assorted Antiques.
  7132 | D:9      | Bought a scroll labeled VECELOTOPANN for 31 gold pieces
  7132 | D:9      | Bought a scroll labeled GEINYS ETIUGI for 31 gold pieces
  7132 | D:9      | Bought a moonstone ring for 155 gold pieces
  7132 | D:9      | Bought a ruby potion for 27 gold pieces
  7335 | D:9      | Found a snail-covered altar of Cheibriados.
  7517 | D:9      | Found a shimmering altar of Xom.
  7690 | D:9      | Noticed a two-headed ogre
  7716 | D:9      | Killed a two-headed ogre
  7716 | D:9      | Reached skill level 5 in Fighting
  7716 | D:9      | Reached XP level 10. HP: 46/81 MP: 8/13
  7896 | D:10     | Entered Level 10 of the Dungeon
  8259 | D:10     | Noticed Harold
  8356 | D:10     | Killed Harold
  8506 | D:10     | Noticed a two-headed ogre
  8525 | D:10     | Killed a two-headed ogre
  8525 | D:10     | Reached skill level 5 in Armour
  8766 | D:10     | You fall through a shaft!
  9048 | D:11     | Noticed a six-headed hydra
  9065 | D:11     | Killed a six-headed hydra
  9084 | D:11     | Reached XP level 11. HP: 18/92 MP: 3/14
  9268 | D:10     | Noticed a two-headed ogre
  9285 | D:10     | Killed a two-headed ogre
  9603 | D:11     | Noticed a two-headed ogre
  9605 | D:11     | Killed an unseen horror
  9635 | D:10     | Killed a two-headed ogre
  9953 | D:11     | HP: 1/142 [orc warrior/glaive of protection (13)]
 10521 | D:12     | Demolished by a white ugly thing

Skill      XL: |  1  2  3  4  5  6  7  8  9 10 11 |
---------------+----------------------------------+-----
Maces & Flails | 3 4 5 6 7 9 10 | 10.0
Shields        | 1 2 4 5 8 9 |  9.8
Fighting       | 2 5 7 8 |  8.6
Armour         | 3 5 6 |  6.9
Throwing       | |  1.7
Dodging        | |  2.6

Action                   |  1- 3 |  4- 6 |  7- 9 | 10-12 || total
-------------------------+-------+-------+-------+-------++-------
Melee: Flail             |   150 |   109 |       |       ||   259
       Whip              |       |   308 |   752 |   731 ||  1791
       Morningstar       |       |       |       |    89 ||    89
Throw: Throwing net      |       |       |     1 |       ||     1
  Use: Scroll            |       |    10 |    10 |     2 ||    22
       Potion            |       |       |     2 |     6 ||     8
  Eat: Chunk             |     3 |     7 |    18 |    14 ||    42
Armor: Leather armour    |     2 |       |       |       ||     2
       Ring mail         |    62 |     5 |       |       ||    67
       Plate armour      |       |   278 |    66 |       ||   344
       Chain mail        |       |       |   193 |   284 ||   477
       Skin              |       |       |    88 |    23 ||   111
Dodge: Dodged            |   102 |   109 |   176 |   184 ||   571
Block: Buckler           |    21 |    70 |   167 |   175 ||   433
